 Dungeon Crawl Stone Soup version 0.24-a0-537-g2d01d4ab0a (webtiles) character file.

Game seed: 6097935067479300437

665 deugn4iiii the Skirmisher (level 7, -1/46 HPs)
             Began as a Gargoyle Fighter on Aug 14, 2019.
             Slain by an ogre
             ... wielding a cursed -1 giant club
              (12 damage)
             ... on level 4 of the Dungeon.
             The game lasted 00:21:08 (4016 turns).

deugn4iiii the Skirmisher (Gargoyle Fighter)        Turns: 4016, Time: 00:21:09

Health: -1/46      AC: 14    Str: 21    XL:     7   Next: 57%
Magic:  7/7        EV:  5    Int:  9    God:
Gold:   207        SH:  9    Dex:  9    Spells: 6/6 levels left

rFire    . . .     SeeInvis .   a - +0 flail
rCold    . . .     Gourm    +   c - +0 shield
rNeg     + . .     Faith    .   n - +0 chain mail
rPois    ∞         Spirit   .   (no helmet)
rElec    +         Reflect  .   (no cloak)
rCorr    .         Harm     .   (no gloves)
MR       .....                  (no boots)
Stlth    ..........             w - amulet of the gourmand
HPRegen  0.15/turn              (no ring)
MPRegen  0.10/turn              (no ring)

@: no status effects
A: negative energy resistance 1, electricity resistance, unbreathing,
petrification resistance, rot immunity, AC +4
a: no special abilities


You were on level 4 of the Dungeon.
You were completely stuffed.

You visited 1 branch of the dungeon, and saw 4 of its levels.

You collected 207 gold pieces.

Inventory:

Hand Weapons
 a - a +0 flail (weapon)
Missiles
 g - 4 silver boomerangs (quivered)
Armour
 c - a +0 shield (worn)
 n - a +0 chain mail (worn)
Jewellery
 q - a cursed ring of flight {unknown}
 w - an amulet of the gourmand (around neck)
 y - an uncursed amulet of the acrobat {unknown}
Wands
 x - a wand of iceblast (2)
Scrolls
 b - 3 scrolls of identify {unknown}
 e - 2 scrolls of fog {unknown}
 h - a scroll of enchant armour {unknown}
 k - a scroll of fear {unknown}
 m - 4 scrolls of remove curse {unknown}
 p - a scroll of amnesia {unknown}
 r - a scroll of immolation {unknown}
 s - 4 scrolls of teleportation {unknown}
Potions
 i - a potion of mutation {unknown}
 j - 2 potions of curing {unknown}
 l - a potion of flight {unknown}
 o - a potion of haste {unknown}
 t - 2 potions of heal wounds
 u - 2 potions of lignification {unknown}
 v - a potion of agility {unknown}
Comestibles
 f - 7 rations


   Skills:
 * Level 6.0 Fighting
 * Level 5.0 Maces & Flails
 + Level 4.8 Armour
 + Level 4.8 Shields


You had 6 spell levels left.
You didn't know any spells.
Your spell library contained the following spells:

 Spells                   Type           Power        Failure   Level  Hunger
 Beastly Appendage        Tmut           #.....       100%        1    ##.....
 Sticks to Snakes         Tmut           #.......     100%        2    ###....
 Spider Form              Tmut/Pois      #.........   100%        3    ####...
 Ice Form                 Ice/Tmut       #.......     100%        4    #####..
 Blade Hands              Tmut           #.........   100%        5    ######.


Dungeon Overview and Level Annotations

Branches:
Dungeon (4/15)
 Temple: D:4-7

Altars:
Uskayaw


Innate Abilities, Weirdness & Mutations

You are resistant to torment.
Your stone body is resilient. (AC +4)
You are immune to poison.
You resist negative energy. (rN+)
You are resistant to electric shocks. (rElec)
You can survive without breathing.
You are immune to petrification.
You are immune to rotting.


Message History

You barely miss the ogre. You block the ogre's attack.
You sock the ogre!
The ogre is moderately wounded.
You block the ogre's attack.
You hit the ogre.
The ogre is heavily wounded.
The ogre hits you with a cursed -1 giant club!!
Your shield prevents you from hitting the ogre.
The ogre is heavily wounded.
Your shield prevents you from hitting the ogre.
The ogre is heavily wounded.
You block the ogre's attack.
You barely miss the ogre.
The ogre is heavily wounded.
The ogre hits you with a cursed -1 giant club!
* * * LOW HITPOINT WARNING * * *
You closely miss the ogre.
The ogre is heavily wounded.
The ogre hits you with a cursed -1 giant club!
You die...

...)_#..........##
.....#.........##
...............##
...........##...#
8.8.8.....###..## ####
.......#..####..# #...#
>......##..#....##....##
.#....(#.....##..†.....#
.#.....##.......@......#
.#..............O......#
.##..##..............##.
.....##....###..........
......#.....##..........
...........##......##...
...................# ..#
.....<............#. ##
.............


You could see an ogre.

Vanquished Creatures
  Sigmund (D:3)
  An ogre (D:4)
  2 howler monkeys (D:4)
  A crimson imp (D:3)
  2 orc priests (D:4)
  An orc wizard (D:4)
  A worker ant (D:4)
  4 gnolls (D:4)
  7 adders
  A worm (D:3)
  6 dart slugs
  4 leopard geckos
  13 orcs
  4 giant cockroaches
  9 goblins
  8 hobgoblins
  2 jackals (D:2)
  10 kobolds
  A quokka (D:4)
  9 bats
  3 frilled lizards
  8 rats
  A fungus (D:1)
  A plant (D:1)
100 creatures vanquished.

Notes
Turn   | Place    | Note
-------+----------+-------------------------------------------
     0 | D:1      | deugn4iiii the Gargoyle Fighter began the quest for the
                  | Orb.
     0 | D:1      | Reached XP level 1. HP: 14/14 MP: 1/1
   424 | D:1      | Reached XP level 2. HP: 19/19 MP: 2/2
   760 | D:1      | Reached XP level 3. HP: 16/24 MP: 3/3
  2032 | D:2      | Reached skill level 4 in Fighting
  2032 | D:2      | Reached XP level 4. HP: 29/29 MP: 4/4
  2881 | D:3      | Reached XP level 5. HP: 20/33 MP: 5/5
  3151 | D:3      | Noticed Sigmund
  3156 | D:3      | Killed Sigmund
  3156 | D:3      | Reached skill level 5 in Fighting
  3156 | D:3      | Reached XP level 6. HP: 37/40 MP: 6/6
  3719 | D:4      | Reached XP level 7. HP: 39/44 MP: 7/7
  3760 | D:4      | Reached skill level 6 in Fighting
  3760 | D:4      | Reached skill level 5 in Maces & Flails
  3976 | D:4      | Found a hide-covered altar of Uskayaw.
  4016 | D:4      | Slain by an ogre

Levels and vault maps discovered:
D:1:      onia_arrival_mini_maze, layout_basic, minmay_misc_feat_more_columns,
          dk_noncrumbling_2
D:2:      layout_rooms
D:3:      layout_rooms, uniq_sigmund
D:4:      layout_cave_pools, eat_drink_and_be_merry_uskayaw, first_ration

Skill      XL: |  1  2  3  4  5  6  7 |
---------------+----------------------+-----
Fighting       | 4 5 6 |  6.0
Maces & Flails | 3 4 5 |  5.0
Armour         | 4 |  4.8
Shields        | 4 |  4.8

Action                   |  1- 3 |  4- 6 |  7- 9 || total
-------------------------+-------+-------+-------++-------
Melee: Flail             |   188 |   290 |    42 ||   520
Throw: Boomerang         |     1 |       |       ||     1
  Use: Potion            |       |     1 |     1 ||     2
  Eat: Chunk             |     4 |    18 |     4 ||    26
Armor: Scale mail        |   122 |    36 |       ||   158
       Chain mail        |       |   219 |    32 ||   251
Dodge: Dodged            |    62 |   101 |    12 ||   175
Block: Shield            |   106 |   211 |    34 ||   351

Table legend:
 A = Non-vault XP
 B = Vault XP
 C = Vault XP percentage of total XP
 D = Non-vault monster count
 E = Vault monster count
 F = Vault count percentage of total count
                 A         B        C        D         E       F
            +---------+---------+-------+---------+---------+-------
      Total |     742 |     208 |  21.9 |      97 |       1 |   1.0
            +---------+---------+-------+---------+---------+-------
        D:1 |      61 |       0 |   0.0 |      31 |       0 |   0.0
        D:2 |      56 |       0 |   0.0 |      19 |       0 |   0.0
        D:3 |     153 |     208 |  57.6 |      24 |       1 |   4.0
        D:4 |     472 |       0 |   0.0 |      23 |       0 |   0.0
            +---------+---------+-------+---------+---------+-------
